 Dungeon Crawl Stone Soup version 0.30-a0-1157-g2cc9ac7196 (webtiles) character file.

Game seed: 2900945378361993741

462 voltaire321 the Sneak (level 7, -2/36 (40) HPs)
             Began as a Kobold Enchanter on Apr 24, 2023.
             Was an Initiate of Gozag.
             Slain by a wight
             ... wielding a +0 halberd
              (4 damage)
             ... on level 4 of the Dungeon.
             The game lasted 00:08:14 (3871 turns).

voltaire321 the Sneak (Kobold Enchanter)            Turns: 3871, Time: 00:08:15

HP:   -2/36 (40)    AC:  5    Str:  8    XL:     7   Next: 28%
MP:   11/11         EV: 15    Int: 16    God:    Gozag
Gold: 205           SH:  0    Dex: 15    Spells: 7/12 levels left

rFire   . . .        t - +2 short sword (holy)
rCold   . . .        (no shield)
rNeg    . . .        f - +0 leather armour
rPois   .            e - +0 helmet
rElec   .            (no cloak)
rCorr   .            d - +0 pair of gloves
SInv    .            (no boots)
Will    .....        h - amulet of regeneration
Stlth   ++++         (no ring)
HPRegen 1.06/turn    (no ring)
MPRegen 0.12/turn

%: no passive effects
@: gold aura, heavily drained
A: small, no large weapons, nightstalker 3
a: Renounce Religion, Potion Petition, Call Merchant, Bribe Branch


You were on level 4 of the Dungeon.
You worshipped Gozag.
Gozag was aware of your devotion.
You visited 2 branches of the dungeon, and saw 5 of its levels.

You collected 280 gold pieces.
You paid 75 gold pieces to Gozag.

Inventory:

Hand Weapons
 a - a +1 dagger
 t - a +2 short sword of holy wrath (weapon)
Missiles
 j - 11 poisoned darts
Armour
 d - a +0 pair of gloves (worn)
 e - a +0 helmet (worn)
 f - a +0 leather armour (worn)
Jewellery
 h - an amulet of regeneration (around neck)
 x - a ring of wizardry
Wands
 w - a wand of digging (5)
Scrolls
 b - 3 scrolls of poison {unknown}
 g - a scroll of teleportation {unknown}
 i - 5 scrolls of identify {unknown}
 l - 2 scrolls of blinking {unknown}
 q - a scroll of noise {unknown}
 r - 2 scrolls of enchant armour {unknown}
 u - a scroll of immolation {unknown}
 v - a scroll of amnesia {unknown}
Potions
 c - 3 potions of invisibility
 k - a potion of ambrosia {unknown}
 m - 2 potions of curing {unknown}
 n - a potion of cancellation {unknown}
 o - 2 potions of might {unknown}
 p - a potion of heal wounds {unknown}
 s - a potion of degeneration {unknown}


   Skills:
 + Level 2.1 Fighting
 + Level 3.2 Short Blades
 + Level 1.5 Armour
 + Level 3.6 Dodging
 * Level 6.4 Stealth
 + Level 3.1 Spellcasting
 + Level 3.8 Hexes
 + Level 1.9 Ice Magic


You had 7 spell levels left.
You knew the following spells:

 Your Spells              Type           Power      Damage    Failure   Level
a - Ensorcelled Hibernat  Hex/Ice        22%        N/A       12%         2
b - Tukima's Dance        Hex            14%        N/A       16%         3

Your spell library contained the following spells:

 Spells                   Type           Power      Damage    Failure   Level
 Confusing Touch          Hex            14%        N/A       16%         3
 Dazzling Flash           Conj/Hex       16%        N/A       34%         3
 Portal Projectile        Hex/Tloc       16%        N/A       34%         3
 Call Canine Familiar     Summ           2%         N/A       61%         3
 Leda's Liquefaction      Hex/Erth       4%         N/A       75%         4


Dungeon Overview and Level Annotations

Branches:
Dungeon (4/15)             Temple (1/1) D:4

Altars:
Cheibriados
Dithmenos
Elyvilon
Fedhas
Gozag
Hepliaklqana
Kikubaaqudgha
Makhleb
Nemelex Xobeh
Okawaru
Qazlal
Ru
Sif Muna
Trog
Uskayaw
Vehumet
Yredelemnul
Zin
The Shining One


Innate Abilities, Weirdness & Mutations

You are small and have problems with some larger weapons.
You are completely attuned to the shadows.


Message History

You have reached level 7!
A wight comes into view. It is wielding a +3 dagger.
A wight comes into view. It is wielding a +0 halberd.
The helpless wight fails to defend itself.
You puncture the wight!
You destroy the wight!
The hobgoblin shouts!
The wight closely misses you. The hobgoblin attacks as you move away!
The hobgoblin hits you. The wight attacks as you move away!
The wight misses you. The wight attacks as you move away!
The wight hits you with a +3 dagger!
You feel drained. The hobgoblin attacks as you move away!
The hobgoblin barely misses you.
The wight is distracted by your dazzling golden aura.
You hit the hobgoblin but do no damage. The hobgoblin closely misses you.
You closely miss the hobgoblin. The wight closely misses you.
The hobgoblin closely misses you.
You hit the hobgoblin.
The hobgoblin is almost dead.
The hobgoblin misses you. The wight barely misses you.
You hit the hobgoblin.
You kill the hobgoblin!
The wight is no longer distracted by gold.
The wight barely misses you. The wight barely misses you.
The wight closely misses you.
You see here 7 gold pieces.
You hit the wight but do no damage. The wight hits you but does no damage.
The wight barely misses you.
You hit the wight but do no damage. You hit the wight but do no damage.
The wight hits you with a +0 halberd!
You feel drained. The wight closely misses you.
You barely miss the wight. The wight hits you with a +0 halberd!
The wight hits you with a +3 dagger.
You hit the wight.
The wight convulses.
The wight is moderately damaged.
The wight hits you with a +0 halberd!
* * * LOW HITPOINT WARNING * * *
You feel drained.
You die...
Your body crumbles into a pile of gold.

####.### ###.....#
#......## #........
##......# #..$.....
#.......## #........#
#........# ##$......#
#........## #.......#
#.........# ##.....#
#.........# #zz.#.#
#.........# ##@#..#
#..)......# ##...##
#.........## ###.....#
#..........###...##...#
#..........#...### #..#
##........#...## #..
##.........###
##........###
#...##...#


You could see 2 wights.

Vanquished Creatures
  An ogre (D:4)
  2 wights (D:4)
  A hound (D:4)
  A sleepcap (D:4)
  Jessica (D:2)
  An iguana (D:4)
  Natasha (thrice) (D:3)
  2 adders (D:3)
  2 worms
  2 dart slugs
  An orc (D:3)
  3 bats (D:1)
  7 endoplasms
  3 giant cockroaches
  7 goblins
  9 hobgoblins
  4 jackals (D:3)
  3 quokkas
  4 ball pythons
  2 frilled lizards
  6 kobolds
  6 rats
71 creatures vanquished.

Notes
Turn   | Place    | Note
-------+----------+-------------------------------------------
     0 | D:1      | voltaire321 the Kobold Enchanter began the quest for the
                  | Orb.
     0 | D:1      | Reached XP level 1. HP: 10/10 MP: 3/3
   228 | D:1      | Reached XP level 2. HP: 15/15 MP: 5/5
   231 | D:1      | Learned a level 2 spell: Ensorcelled Hibernation
   653 | D:1      | Found a faded altar of an unknown god.
  1132 | D:2      | Reached XP level 3. HP: 20/20 MP: 6/6
  1219 | D:2      | Noticed Jessica
  1226 | D:2      | Killed Jessica
  1227 | D:2      | Reached skill level 1 in Fighting
  1227 | D:2      | Reached XP level 4. HP: 16/25 MP: 7/7
  1452 | D:2      | Found a bloodstained altar of Trog.
  1948 | D:3      | Reached skill level 5 in Stealth
  1983 | D:3      | Noticed Natasha
  2007 | D:3      | Killed Natasha
  2008 | D:3      | Reached skill level 1 in Ice Magic
  2008 | D:3      | Reached XP level 5. HP: 26/29 MP: 5/8
  2139 | D:3      | Learned a level 3 spell: Tukima's Dance
  2355 | D:3      | Noticed Natasha
  2367 | D:3      | Killed Natasha
  2546 | D:3      | Noticed Natasha
  2556 | D:3      | Killed Natasha
  2557 | D:3      | Reached skill level 1 in Armour
  2677 | D:3      | Reached XP level 6. HP: 34/34 MP: 3/10
  2907 | D:4      | Found a sacrificial altar of Ru.
  2907 | D:4      | Found a basalt altar of Yredelemnul.
  2920 | D:4      | Noticed an ogre
  2929 | D:4      | Killed an ogre
  3065 | D:4      | Found a staircase to the Ecumenical Temple.
  3077 | Temple   | Entered the Ecumenical Temple
  3482 | Temple   | Became a worshipper of Gozag Ym Sagoz the Greedy
  3752 | D:4      | Reached skill level 6 in Stealth
  3853 | D:4      | Reached XP level 7. HP: 40/40 MP: 11/11
  3871 | D:4      | Slain by a wight

Illustrated notes

Levels and vault maps discovered:
D:1:      amcnicky_arrival_gap_in_the_tavern_cellar, layout_basic,
          basic_ecumenical_altar
D:2:      layout_loops_ring, basic_altar, uniq_jessica
D:3:      layout_basic, grunt_ministairs_9, uniq_natasha
D:4:      layout_cave_pods, nicolae_overflow_two_pavilions,
          minmay_temple_entry_crystal_x, dk_noncrumbling_4, grunt_ministairs_9
Temple:   mainiacjoe_temple_big_plus

Skill      XL: |  1  2  3  4  5  6 |
---------------+-------------------+-----
Fighting       | 1 2 |  2.1
Short Blades   | 2 3 |  3.2
Stealth        | 5 6 |  6.4
Ice Magic      | 1 |  1.9
Dodging        | 3 |  3.6
Armour         | 1 |  1.5
Spellcasting   | 3 |  3.1
Hexes          | |  3.8

Action                     |  1- 3 |  4- 6 |  7- 9 || total
---------------------------+-------+-------+-------++-------
  Melee: Dagger            |    61 |    70 |       ||   131
         Punch             |       |     2 |       ||     2
         Short sword       |       |    78 |    10 ||    88
   Cast: Ensorcelled Hiber |       |    15 |       ||    15
   Stab: Sleeping          |    11 |    27 |     1 ||    39
 Armour: Robe              |     1 |       |       ||     1
         Leather armour    |    12 |    29 |     1 ||    42
  Dodge: Dodged            |    25 |    81 |    13 ||   119

Table legend: (Time is in decaauts)
 A = Elapsed time spent in this place.
 B = Non-inter-level travel time spent in this place.
 C = Inter-level travel time spent in this place.
 D = Time resting spent in this place.
 E = Time spent auto-exploring this place.
 F = Levels seen in this place.
 G = Mean time per level.
                   A        B        C        D        E       F      G
               +--------+--------+--------+--------+--------+-----+--------+
         Total |   3846 |   3777 |     69 |    238 |   2898 |   5 |  769.2 |
       Dungeon |   3410 |   3370 |     40 |    238 |   2512 |   4 |  852.5 |
        Temple |    435 |    406 |     29 |      0 |    386 |   1 |  435.0 |
               +--------+--------+--------+--------+--------+-----+--------+

Top non-repeatable levels by time:
     D:1: 1087 daAuts
     D:3: 951 daAuts
     D:2: 823 daAuts
     D:4: 547 daAuts
  Temple: 435 daAuts
